 Dungeon Crawl Stone Soup version 0.20.0-7-g3b7b877 (webtiles) character file.

192 ChaseSP the Chopper (level 5, -5/46 HPs)
             Began as a Deep Dwarf Fighter on May 29, 2017.
             Killed from afar by Kalaber's ghost (8 damage)
             ... with a puff of flame
             ... on level 3 of the Dungeon on May 30, 2017.
             The game lasted 00:05:35 (2026 turns).

ChaseSP the Chopper (Deep Dwarf Fighter)            Turns: 2026, Time: 00:05:36

Health: -5/46      AC: 10    Str: 24    XL:     5   Next: 42%
Magic:  4/4        EV:  5    Int:  9    God:
Gold:   55         SH: 10    Dex: 13    Spells: 4/4 levels left

rFire    . . .     SeeInvis .   a - +0 war axe
rCold    . . .     Gourm    .   c - +0 shield
rNeg     . . .     Faith    .   j - +0 chain mail
rPois    .         Spirit   .   m - +0 helmet
rElec    .         Reflect  .   (no cloak)
rCorr    .         Harm     .   (no gloves)
MR       .....                  (no boots)
Stlth    ..........             (no amulet)
Regen    0.0/turn               r - ring of wizardry
MPRegen  0.1/turn               (no ring)

@: mighty, non-regenerating
A: damage resistance, heal wounds, sense surroundings 1, no regeneration
a: Heal Wounds


You were on level 3 of the Dungeon.
You were not hungry.

You visited 1 branch of the dungeon, and saw 3 of its levels.

You collected 55 gold pieces.

Inventory:

Hand Weapons
 a - a +0 war axe (weapon)
Armour
 b - a +0 scale mail
 c - a +0 shield (worn)
 j - a +0 chain mail (worn)
 m - a +0 helmet (worn)
Jewellery
 r - a ring of wizardry (left hand)
Scrolls
 e - 4 scrolls of identify
 h - a scroll of fog {unknown}
 i - a scroll of teleportation {unknown}
 k - 2 scrolls of immolation {unknown}
 s - a scroll of enchant weapon {unknown}
 u - a scroll of blinking {unknown}
Potions
 g - 2 potions of curing
 n - 2 potions of lignification {unknown}
 o - 2 potions of resistance {unknown}
 p - a potion of mutation {unknown}
 q - a potion of haste {unknown}
 t - a potion of agility {unknown}
Comestibles
 f - 3 bread rations
 l - 2 meat rations


   Skills:
 - Level 2.6 Fighting
 * Level 6.3 Axes
 - Level 3.2 Armour
 - Level 3.2 Shields


You had 4 spell levels left.
You didn't know any spells.

Dungeon Overview and Level Annotations

Branches:
Dungeon (3/15)

Altars:
Dithmenos

Annotations:
D:3 Kalaber's ghost, amateur DrFE


Innate Abilities, Weirdness & Mutations

You are resistant to damage.
You can heal yourself by infusing magical energy.
You passively map a small area around you.
You do not regenerate.


Message History

Your shield and chain mail prevent you from hitting Kalaber's ghost.
Kalaber's ghost is severely damaged.
You block Kalaber's ghost's attack.
Your chain mail prevents you from hitting Kalaber's ghost.
Kalaber's ghost is severely damaged.
Kalaber's ghost hits you.
You closely miss Kalaber's ghost.
Kalaber's ghost is severely damaged.
You block Kalaber's ghost's attack.
Your shield and chain mail prevent you from hitting Kalaber's ghost.
Kalaber's ghost is severely damaged.
Kalaber's ghost gestures at you while chanting.
The puff of flame hits you!
* * * LOW HITPOINT WARNING * * *
You slash Kalaber's ghost!
Kalaber's ghost is almost destroyed.
Kalaber's ghost completely misses you. Kalaber's ghost casts a spell at you.
The puff of flame hits you!
You die...

#. #.# #.# #.# * ** .## #.#
####.####.# .., ≈≈####.#
#.......#.# .# **. ≈≈##.#.#
#.......'.# .#* .. ≈≈≈....#
#.......####.#,...
≈≈≈≈##.####............#...?
≈≈≈≈≈..........#.##........
, [.≈≈≈#.#########)##....#.
, .$#≈............@W.....# ,
.≈≈≈≈..#.#######$##....# ,
≈≈≈≈≈..#.# ** #.##....# *
#≈≈≈#..#,., , ..##.......
≈≈≈.#..# ## #####........ ,,
≈≈≈#...### #.........,
≈≈>......# #.........
.#.....#.# #.........
#..###.#.#


You could see Kalaber's ghost.

Vanquished Creatures
  An orc priest (D:3)
  Robin (D:2)
  An adder (D:2)
  2 gnolls (D:1)
  4 worms
  11 dart slugs
  A leopard gecko (D:2)
  2 orcs (D:3)
  9 bats
  4 giant cockroaches (D:1)
  17 goblins
  8 hobgoblins
  8 jackals
  8 kobolds
  A ball python (D:1)
  4 frilled lizards
  3 rats (D:1)
85 creatures vanquished.

Vanquished Creatures (others)
  5 toadstools (D:1)
5 creatures vanquished.

Grand Total: 90 creatures vanquished

Notes
Turn   | Place    | Note
-------+----------+-------------------------------------------
     0 | D:1      | ChaseSP the Deep Dwarf Fighter began the quest for the Orb.
     0 | D:1      | Reached XP level 1. HP: 20/20 MP: 1/1
    47 | D:1      | Reached skill level 3 in Axes
    52 | D:1      | Reached XP level 2. HP: 25/27 MP: 2/2
   285 | D:1      | Reached skill level 4 in Axes
   285 | D:1      | Reached XP level 3. HP: 30/33 MP: 3/3
   753 | D:2      | Noticed Robin
   771 | D:2      | Reached XP level 4. HP: 8/40 MP: 4/4
   782 | D:2      | Reached skill level 5 in Axes
   788 | D:2      | Killed Robin
  1110 | D:2      | Found a shadowy altar of Dithmenos.
  1825 | D:3      | Reached XP level 5. HP: 38/46 MP: 4/4
  1991 | D:3      | Reached skill level 6 in Axes
  1998 | D:3      | Noticed Kalaber's ghost (amateur DrFE)
  2026 | D:3      | Killed from afar by Kalaber's ghost

Skill      XL: |  1  2  3  4  5 |
---------------+----------------+-----
Axes           | 3 4 5 6 |  6.3
Fighting       | |  2.6
Armour         | |  3.2
Shields        | |  3.2

Action                   |  1- 3 |  4- 6 || total
-------------------------+-------+-------++-------
Melee: War axe           |   115 |   146 ||   261
 Abil: Heal Wounds       |       |     1 ||     1
  Use: Scroll            |       |     2 ||     2
       Potion            |       |     2 ||     2
  Eat: Chunk             |       |     4 ||     4
Armor: Scale mail        |    18 |       ||    18
       Chain mail        |    48 |    79 ||   127
Dodge: Dodged            |    35 |    25 ||    60
Block: Shield            |    67 |    69 ||   136
